 Dungeon Crawl Stone Soup version 0.20-a0-1089-g3fde505 (webtiles) character file.

217 JeffiDaFish the Grave Robber (level 5, -2/36 HPs)
             Began as a Mummy Necromancer on May 3, 2017.
             Slain by a gnoll
             ... wielding a +0 halberd
              (8 damage)
             ... on level 2 of the Dungeon.
             The game lasted 00:14:17 (4014 turns).

JeffiDaFish the Grave Robber (Mummy Necromancer)    Turns: 4014, Time: 00:14:18

Health: -2/36      AC: 11    Str: 12    XL:     5   Next: 61%
Magic:  8/12       EV: 12    Int: 17    God:
Gold:   94         SH:  0    Dex: 13    Spells: 4/13 levels left

rFire    . . .     SeeInvis .   l - +3 quarterstaff (chaos)
rCold    + . .     Gourm    .   (shield currently unavailable)
rNeg     + + +     Faith    .   g - +2 leather armour {rPois}
rPois    ∞         Spirit   .   d - +0 helmet {Int+3}
rElec    .         Reflect  .   i - +2 cloak
rCorr    .         Harm     .   e - +1 pair of gloves
MR       .....                  (no boots)
Stlth    ++........             (no amulet)
Regen    0.2/turn               j - ring of protection from fire
MPRegen  0.2/turn               (no ring)

@: no status effects
A: no food or potions, fire vulnerability, cold resistance 1, negative energy
resistance 3, torment resistance, unbreathing
a: no special abilities


You were on level 2 of the Dungeon.
You were not hungry.

You visited 1 branch of the dungeon, and saw 4 of its levels.

You collected 94 gold pieces.

Inventory:

Hand Weapons
 c - a +0 dagger
 l - a +3 quarterstaff of chaos (weapon)
Missiles
 f - 8 silver javelins (quivered)
Armour
 d - a +0 helmet of intelligence (worn)
 e - a +1 pair of gloves (worn)
 g - a +2 leather armour of poison resistance (worn)
 i - a +2 cloak (worn)
Jewellery
 j - a ring of protection from fire (left hand)
Wands
 k - a wand of random effects (25/48)
Scrolls
 a - 3 scrolls of identify
 h - 2 scrolls of remove curse
Books
 b - a book of Necromancy

   Spells                             Type                      Level
   a - Pain                           Necromancy                   1
   b - Animate Skeleton               Necromancy                   1
   c - Vampiric Draining              Necromancy                   3
   d - Regeneration                   Charms/Necromancy            3
   e - Animate Dead                   Necromancy                   4
   f - Control Undead                 Necromancy                   4


   Skills:
 + Level 0.6 Fighting
 + Level 0.4 Short Blades
 + Level 1.0 Armour
 + Level 1.8 Dodging
 - Level 1.6 Stealth
 + Level 4.9 Spellcasting
 + Level 5.4 Necromancy


You had 4 spell levels left.
You knew the following spells:

 Your Spells              Type           Power        Failure   Level  Hunger
a - Pain                  Necr           ###.         1%          1    N/A
b - Animate Skeleton      Necr           N/A          1%          1    N/A
c - Vampiric Draining     Necr           ###.......   6%          3    N/A
d - Animate Dead          Necr           N/A          19%         4    N/A

Dungeon Overview and Level Annotations

Branches:
Dungeon (4/15)
 Temple: D:4-7

Altars:
Qazlal

Annotations:
D:3 Kurtz's ghost, amateur OpAK


Innate Abilities, Weirdness & Mutations

You do not eat or drink.
Your flesh is vulnerable to fire.
You are immune to poison.
Your flesh is cold resistant. (rC+)
You are immune to negative energy. (rN+++)
You are immune to unholy pain and torment.
You can survive without breathing.


Message History

Aim: a gnoll, wielding a whip (severely wounded, chance to defeat MR: 87%)
The gnoll writhes in agony!
The gnoll closely misses you. The gnoll hits you but does no damage.
Casting: Pain
Confirm with . or Enter, or press ? or * to list all spells.
Aiming: Pain
Press: ? - help, Shift-Dir - straight line, f/p - gnoll
Aim: a gnoll, wielding a whip (almost dead, chance to defeat MR: 87%)
The gnoll writhes in agony!
You kill the gnoll!
The gnoll hits you from afar with a halberd.
* * * LOW HITPOINT WARNING * * *
Casting: Pain
Confirm with . or Enter, or press ? or * to list all spells.
Aiming: Pain
Press: ? - help, Shift-Dir - straight line, f - gnoll
Aim: a gnoll, wielding a halberd (chance to defeat MR: 87%)
The gnoll barely resists.
The gnoll hits you from afar with a halberd!
You die...

#......#######
#...........w.
#.####.#.#####
#####.####.#.#
#...[....#.#.#####
#.###.##.........#
# #.#
#.###....###.. #
#.# #.##.....#####
# #@#
#............. #
#)# ######.#######
# ########g# #.# #
#........# #.#
#### #........#
##'##
...######...!....#
#...#
........#....#####
#####
........#....# ###
...###..#....#
#.###


You could see a gnoll.

Vanquished Creatures
  Crazy Yiuf (D:2)
  Terence (D:2)
  7 adders (D:2)
  3 gnolls (D:2)
  3 worms
  2 dart slugs
  5 leopard geckos
  An orc (D:2)
  8 bats
  A giant cockroach (D:2)
  6 goblins
  5 hobgoblins
  2 jackals (D:2)
  5 kobolds
  A quokka (D:2)
  A ball python (D:2)
  4 frilled lizards
  10 rats
66 creatures vanquished.

Vanquished Creatures (collateral kills)
  2 dart slugs (D:2)
  A jackal (D:2)
  A bat (D:1)
4 creatures vanquished.

Grand Total: 70 creatures vanquished

Notes
Turn   | Place    | Note
-------+----------+-------------------------------------------
     0 | D:1      | JeffiDaFish the Mummy Necromancer began the quest for the Orb.
     0 | D:1      | Reached XP level 1. HP: 13/13 MP: 4/4
    63 | D:1      | Learned a level 1 spell: Animate Skeleton
   413 | D:1      | Reached XP level 2. HP: 12/19 MP: 0/5
  1546 | D:2      | Reached XP level 3. HP: 6/24 MP: 1/7
  1781 | D:2      | Learned a level 3 spell: Vampiric Draining
  1863 | D:2      | Noticed Terence
  1905 | D:2      | Killed Terence
  2197 | D:2      | Found a runed door.
  2201 | D:2      | Noticed Crazy Yiuf
  2205 | D:2      | Killed Crazy Yiuf
  2205 | D:2      | Reached XP level 4. HP: 19/31 MP: 2/9
  2357 | D:2      | Reached skill level 5 in Necromancy
  2459 | D:2      | Learned a level 4 spell: Animate Dead
  2663 | D:2      | Reached XP level 5. HP: 35/36 MP: 2/11
  3433 | D:3      | Noticed Kurtz's ghost (amateur OpAK)
  3485 | D:3      | Found a stormy altar of Qazlal.
  3702 | D:2      | Reached skill level 1 in Armour
  4014 | D:2      | Slain by a gnoll

Vault maps used:
D:1:      dpeg_arrival_signposts, st_stairs_5, grunt_decor_mini_mirrors
D:2:      minmay_misc_feat_secret_circle, uniq_crazy_yiuf_cottage, uniq_terence
D:3:      marbit_many_paths, nicolae_overflow_crystal_walls, first_bread,
          kennysheep_generic_room_13
D:4:      overflow_temple_1_default, nemelex_altar_shiori,
          lemuel_zombie_altar_kikubaaqudgha, temple_statues

Skill      XL: |  1  2  3  4  5 |
---------------+----------------+-----
Spellcasting   | 3 4 |  4.9
Necromancy     | 5 |  5.4
Armour         | 1 |  1.0
Fighting       | |  0.6
Short Blades   | |  0.4
Dodging        | |  1.8
Stealth        | |  1.6

Action                   |  1- 3 |  4- 6 || total
-------------------------+-------+-------++-------
Melee: Dagger            |    48 |    70 ||   118
       Unarmed           |     4 |       ||     4
       Quarterstaff      |       |     3 ||     3
 Cast: Pain              |    64 |    77 ||   141
       Animate Skeleton  |    11 |     3 ||    14
       Animate Dead      |       |    11 ||    11
       Vampiric Draining |       |     5 ||     5
  Use: Scroll            |     7 |     2 ||     9
 Stab: Distracted        |       |     1 ||     1
       Sleeping          |       |     1 ||     1
Armor: Robe              |     4 |       ||     4
       Leather armour    |    17 |    46 ||    63
Dodge: Dodged            |    30 |    80 ||   110
